PBL
KANSAS CITY ROYALS @ SEATTLE MARINERS
04/21/2071
 
TOP OF THE 1ST
Kansas City Royals batting - Pitching for Seattle Mariners : RHP Jeffrey Montgomery
Pitching: RHP Jeffrey Montgomery
Batting: LHB Dan Heller 0-0: Called Strike
0-1: Foul Ball, location: 9LSF
0-2: Fly out, F8 (Flyball, 8RM, EV 90.0 MPH)
Batting: RHB Neal Martin 0-0: Called Strike
0-1: Swinging Strike
0-2: Strikes out swinging
Batting: LHB Sergio Longoria 0-0: Foul Ball, location: 2F
0-1: Foul Ball, location: 7LSF
0-2: Fly out, F7 (Flyball, 7S, EV 90.6 MPH)
Top of the 1st over - 0 runs, 0 hits, 0 errors, 0 left on base; Kansas City 0 - Seattle 0
BOTTOM OF THE 1ST
Seattle Mariners batting - Pitching for Kansas City Royals : RHP Kevin Ford
Pitching: RHP Kevin Ford
Batting: LHB Rob Altobelli 0-0: Ball
1-0: SINGLE (Line Drive, 78S, EV 91.9 MPH)
Batting: RHB Ralph Irwin 0-0: Ball
1-0: Grounds into double play, 6-4-3 (Groundball, 6, EV 86.3 MPH)
Batting: SHB Nathan Martin 0-0: Called Strike
0-1: Called Strike
0-2: Strikes out swinging
Bottom of the 1st over - 0 runs, 1 hit, 0 errors, 0 left on base; Kansas City 0 - Seattle 0
TOP OF THE 2ND
Kansas City Royals batting - Pitching for Seattle Mariners : RHP Jeffrey Montgomery
Batting: RHB Edgardo Pérez 0-0: Ball
1-0: Foul Ball, location: 2F
1-1: Called Strike
1-2: Fly out, F8 (Flyball, 8LD, EV 106.9 MPH)
Batting: RHB Tamuramaro Maeda 0-0: Foul Ball, location: 9LMF
0-1: Foul Ball, location: 25FF
0-2: Ball
1-2: Strikes out looking
Batting: RHB Bert Acheson 0-0: Called Strike
0-1: Ball
1-1: Ground out 5-3 (Groundball, 5, EV 98.8 MPH)
Top of the 2nd over - 0 runs, 0 hits, 0 errors, 0 left on base; Kansas City 0 - Seattle 0
BOTTOM OF THE 2ND
Seattle Mariners batting - Pitching for Kansas City Royals : RHP Kevin Ford
Batting: LHB Grady Arredondo 0-0: Ball
1-0: Ball
2-0: Ball
3-0: Called Strike
3-1: Foul Ball, location: 7LDF
3-2: Ground out 4-3 (Groundball, 4, EV 81.3 MPH)
Batting: SHB Pete Williams 0-0: Called Strike
0-1: Ball
1-1: Foul Ball, location: 2F
1-2: Strikes out swinging, 2-3 out at first.
Batting: RHB Ronald McDonald 0-0: Ball
1-0: Foul Ball, location: 7LSFF
1-1: Foul Ball, location: 2F
1-2: DOUBLE (Groundball, 5L, EV 94.4 MPH)
Batting: RHB Mark Taylor 0-0: Ball
1-0: Ball
2-0: Foul Ball, location: 2F
2-1: Ball
3-1: Called Strike
3-2: Foul Ball, location: 2F
3-2: Foul Ball, location: 3SF
3-2: Foul Ball, location: 2LF
3-2: Strikes out swinging
Bottom of the 2nd over - 0 runs, 1 hit, 0 errors, 1 left on base; Kansas City 0 - Seattle 0
TOP OF THE 3RD
Kansas City Royals batting - Pitching for Seattle Mariners : RHP Jeffrey Montgomery
Batting: RHB Andrés Mota 0-0: Foul Ball, location: 9LMF
0-1: Swinging Strike
0-2: SINGLE (Line Drive, 56D, EV 106.9 MPH)
Batting: RHB John Brown 0-0: Called Strike
0-1: Ball
1-1: Bunt missed!
1-2: Ball
2-2: Ball
3-2: Base on Balls
Andrés Mota to second
Batting: RHB Jorge Morán 0-0: Called Strike
0-1: Swinging Strike
0-2: Fielders Choice at 3rd, U5 (Groundball, 5L, EV 88.8 MPH)
John Brown to second
Batting: LHB Dan Heller 0-0: Foul Ball, location: 2F
0-1: Called Strike
0-2: Ball
1-2: Ball
2-2: Fielders Choice at 2nd, U4 (Groundball, 4M, EV 85.0 MPH)
John Brown to third
Batting: RHB Neal Martin 0-0: Ball
1-0: Ball
2-0: Called Strike
2-1: Ball
3-1: Called Strike
3-2: Foul Ball, location: 2F
3-2: Foul Ball, location: 2F
3-2: SINGLE (Groundball, 6MD, EV 101.3 MPH)
John Brown scores
Dan Heller to second
Dan Heller to third
Batting: LHB Sergio Longoria 0-0: Ball
1-0: Ball
2-0: Called Strike
2-1: Ground out 4-3 (Groundball, 4, EV 110.0 MPH)
Top of the 3rd over - 1 run, 2 hits, 0 errors, 2 left on base; Kansas City 1 - Seattle 0
BOTTOM OF THE 3RD
Seattle Mariners batting - Pitching for Kansas City Royals : RHP Kevin Ford
Batting: LHB Adam O'Kearin 0-0: Ball
1-0: Foul Ball, location: 2F
1-1: Called Strike
1-2: SINGLE (Groundball, 2R, EV 67.5 MPH) (infield hit)
Batting: RHB Raúl Contreras 0-0: Ball
1-0: SINGLE (Line Drive, 5D, EV 100.6 MPH)
Adam O'Kearin to second
Batting: LHB Rob Altobelli 0-0: Ball
1-0: Foul Ball, location: 2F
1-1: Ball
2-1: Foul Ball, location: 3SF
2-2: Strikes out swinging
Batting: RHB Ralph Irwin 0-0: Ball
1-0: Called Strike
1-1: Foul Ball, location: 2F
1-2: Strikes out looking
Batting: SHB Nathan Martin 0-0: Foul Ball, location: 2F
0-1: SINGLE (Groundball, 6MD, EV 101.9 MPH)
Adam O'Kearin to third
Raúl Contreras to second
Runner from 3rd tries for Home, SAFE, throw by CF to home
Batting: LHB Grady Arredondo 0-0: Ball
1-0: Fly out, F8 (Flyball, 8LM, EV 85.6 MPH)
Bottom of the 3rd over - 1 run, 3 hits, 0 errors, 2 left on base; Kansas City 1 - Seattle 1
TOP OF THE 4TH
Kansas City Royals batting - Pitching for Seattle Mariners : RHP Jeffrey Montgomery
Batting: RHB Edgardo Pérez 0-0: Ball
1-0: Ball
2-0: Foul Ball, location: 2F
2-1: Ball
3-1: Base on Balls
Batting: RHB Tamuramaro Maeda 0-0: Ball
1-0: Swinging Strike
1-1: Foul Ball, location: 9LMF
1-2: Strikes out swinging
Batting: RHB Bert Acheson 0-0: Called Strike
0-1: Ball
1-1: Ball
2-1: Swinging Strike
2-2: Strikes out swinging
Batting: RHB Andrés Mota 0-0: Ball
1-0: Foul Ball, location: 2F
1-1: Ground out 5-3 (Groundball, 56S, EV 63.1 MPH)
Top of the 4th over - 0 runs, 0 hits, 0 errors, 1 left on base; Kansas City 1 - Seattle 1
BOTTOM OF THE 4TH
Seattle Mariners batting - Pitching for Kansas City Royals : RHP Kevin Ford
Batting: SHB Pete Williams 0-0: Called Strike
0-1: Reached on error, E4 (Groundball, 4, EV 83.1 MPH)
Batting: RHB Ronald McDonald 0-0: Ball
Wild Pitch!
Pete Williams to second
1-0: Foul Ball, location: 2F
1-1: Swinging Strike
1-2: SINGLE (Line Drive, 7LS, EV 88.8 MPH)
Pete Williams to third
Batting: RHB Mark Taylor 0-0: Fly out, F8 (Flyball, 8LD, EV 106.9 MPH)
Runner from 3rd tags up, SCORES, throw by CF
Batting: LHB Adam O'Kearin 0-0: Ball
1-0: Grounds into double play, 4-6-3 (Groundball, 4, EV 76.3 MPH)
Bottom of the 4th over - 1 run, 1 hit, 1 error, 0 left on base; Kansas City 1 - Seattle 2
TOP OF THE 5TH
Kansas City Royals batting - Pitching for Seattle Mariners : RHP Jeffrey Montgomery
Batting: RHB John Brown 0-0: Swinging Strike
0-1: Ball
1-1: Called Strike
1-2: Ball
2-2: Ground out 5-3 (Groundball, 56S, EV 87.5 MPH)
Batting: RHB Jorge Morán 0-0: Ball
1-0: Ground out 5-3 (Groundball, 5L, EV 91.3 MPH)
Batting: LHB Dan Heller 0-0: Ball
1-0: Ball
2-0: Foul Ball, location: 2F
2-1: Ball
3-1: Fly out, F7 (Line Drive, 7, EV 106.9 MPH)
Top of the 5th over - 0 runs, 0 hits, 0 errors, 0 left on base; Kansas City 1 - Seattle 2
BOTTOM OF THE 5TH
Seattle Mariners batting - Pitching for Kansas City Royals : RHP Kevin Ford
Batting: RHB Raúl Contreras 0-0: Ball
1-0: SINGLE (Groundball, 4MD, EV 103.8 MPH)
Batting: LHB Rob Altobelli 0-0: Ball
1-0: Called Strike
1-1: Foul Ball, location: 2F
1-2: Ball
2-2: Ball
3-2: Foul Ball, location: 2RF
3-2: Strikes out looking
Batting: RHB Ralph Irwin 0-0: DOUBLE (Line Drive, 7LD, EV 111.9 MPH)
Raúl Contreras to third
Batting: SHB Nathan Martin 0-0: Ball
1-0: Called Strike
1-1: Called Strike
1-2: Ball
2-2: Ball
3-2: Foul Ball, location: 7LSFF
3-2: Foul Ball, location: 7LMF
3-2: Fly out, F8 (Flyball, 8LXD, EV 108.1 MPH)
Runner from 3rd tags up, SCORES, no throw by CF
Batting: LHB Grady Arredondo 0-0: Foul Ball, location: 2F
0-1: Ball
1-1: Called Strike
1-2: Ball
2-2: SINGLE (Line Drive, 7LS, EV 97.5 MPH)
Ralph Irwin to third
Runner from 3rd tries for Home, SAFE, throw by LF to home
Batting: SHB Pete Williams 0-0: Ground out 4-3 (Groundball, 4, EV 86.9 MPH)
Bottom of the 5th over - 2 runs, 3 hits, 0 errors, 1 left on base; Kansas City 1 - Seattle 4
TOP OF THE 6TH
Kansas City Royals batting - Pitching for Seattle Mariners : RHP Jeffrey Montgomery
Batting: RHB Neal Martin 0-0: Called Strike
0-1: Fly out, F8 (Flyball, 8RD, EV 106.3 MPH)
Batting: LHB Sergio Longoria 0-0: Called Strike
0-1: Foul Ball, location: 2LF
0-2: Ground out 4-3 (Groundball, 4, EV 86.3 MPH)
Batting: RHB Edgardo Pérez 0-0: Called Strike
0-1: Ball
1-1: SINGLE (Line Drive, 78S, EV 97.5 MPH)
Batting: RHB Tamuramaro Maeda 0-0: Ball
1-0: Ball
2-0: Foul Ball, location: 9LDF
2-1: Foul Ball, location: 2F
2-2: Foul Ball, location: 9LSF
2-2: Ground out 5-3 (Groundball, 5S, EV 86.9 MPH)
Top of the 6th over - 0 runs, 1 hit, 0 errors, 1 left on base; Kansas City 1 - Seattle 4
BOTTOM OF THE 6TH
Seattle Mariners batting - Pitching for Kansas City Royals : RHP Kevin Ford
Pitching: RHP Donald McDaniel
Batting: RHB Ronald McDonald 0-0: Foul Ball, location: 3F, Error on foul ball, E3
0-1: Called Strike
0-2: Foul Ball, location: 7LSFF
0-2: Foul Ball, location: 23F
0-2: Ball
1-2: Ball
2-2: Ground out 5-3 (Groundball, 5L, EV 88.8 MPH)
Batting: RHB Mark Taylor 0-0: Ball
1-0: Swinging Strike
1-1: Foul Ball, location: 9LMF
1-2: Foul Ball, location: 5F
1-2: Ground out 5-3 (Groundball, 56S, EV 85.0 MPH)
Batting: LHB Adam O'Kearin 0-0: Ball
1-0: Called Strike
1-1: Foul Ball, location: 25FF
1-2: DOUBLE (Line Drive, 89D, EV 103.8 MPH)
Batting: RHB Raúl Contreras 0-0: SINGLE (Line Drive, 56D, EV 70.6 MPH)
Adam O'Kearin to third
Runner from 3rd tries for Home, SAFE, throw by LF to home
Batting: LHB Rob Altobelli 0-0: Called Strike
0-1: Swinging Strike
0-2: Ball
1-2: Strikes out swinging
Bottom of the 6th over - 1 run, 2 hits, 1 error, 1 left on base; Kansas City 1 - Seattle 5
TOP OF THE 7TH
Kansas City Royals batting - Pitching for Seattle Mariners : RHP Jeffrey Montgomery
Pitching: LHP Juan Castellanos
Batting: RHB Bert Acheson 0-0: Ball
1-0: Called Strike
1-1: Fly out, F7 (Flyball, 7LD, EV 91.9 MPH)
Batting: RHB Andrés Mota 0-0: Swinging Strike
0-1: Ball
1-1: Foul Ball, location: 2F
1-2: Fly out, F9 (Flyball, 9LD, EV 111.9 MPH)
Batting: RHB John Brown 0-0: Fly out, F8 (Line Drive, 8LM, EV 86.9 MPH)
Top of the 7th over - 0 runs, 0 hits, 0 errors, 0 left on base; Kansas City 1 - Seattle 5
BOTTOM OF THE 7TH
Seattle Mariners batting - Pitching for Kansas City Royals : RHP Donald McDaniel
Batting: RHB Ralph Irwin 0-0: Ball
1-0: Ball
2-0: Ball
3-0: Foul Ball, location: 2F
3-1: Foul Ball, location: 9LDF
3-2: Ground out 6-3 (Groundball, 6, EV 84.4 MPH)
Batting: SHB Nathan Martin 0-0: Foul Ball, location: 2F
0-1: Foul Ball, location: 5F
0-2: SINGLE (Groundball, 2R, EV 63.8 MPH) (infield hit)
Batting: LHB Grady Arredondo 0-0: Fielders Choice at 2nd, 4-6 (Groundball, 4, EV 89.4 MPH)
Batting: SHB Pete Williams 0-0: SINGLE (Groundball, 4D, EV 106.3 MPH)
Grady Arredondo to second
Runner from 2nd tries for 3rd, SAFE, throw by CF made to third
Batting: RHB Ronald McDonald 0-0: Ball
1-0: Ball
2-0: Fly out, F7 (Line Drive, 7, EV 93.1 MPH)
Bottom of the 7th over - 0 runs, 2 hits, 0 errors, 2 left on base; Kansas City 1 - Seattle 5
TOP OF THE 8TH
Kansas City Royals batting - Pitching for Seattle Mariners : LHP Juan Castellanos
Batting: RHB Jorge Morán 0-0: Ball
1-0: Ball
2-0: Called Strike
2-1: Fly out, F7 (Flyball, 78M, EV 85.6 MPH)
Batting: LHB Dan Heller 0-0: Ball
1-0: Called Strike
1-1: Foul Ball, location: 2F
1-2: Foul Ball, location: 5FF
1-2: Ball
2-2: Strikes out swinging
Batting: RHB Neal Martin 0-0: Called Strike
0-1: Ball
1-1: Fly out, F9 (Line Drive, 9, EV 98.1 MPH)
Top of the 8th over - 0 runs, 0 hits, 0 errors, 0 left on base; Kansas City 1 - Seattle 5
BOTTOM OF THE 8TH
Seattle Mariners batting - Pitching for Kansas City Royals : RHP Donald McDaniel
Pitching: RHP Javier Fernández
Batting: RHB Mark Taylor 0-0: Ball
1-0: Ball
2-0: Ground out 1-3 (Groundball, 13, EV 76.9 MPH)
Batting: LHB Adam O'Kearin 0-0: Ball
1-0: Ball
2-0: Ball
3-0: Base on Balls
Batting: RHB Raúl Contreras 0-0: Ball
1-0: Called Strike
Adam O'Kearin steals 2nd base
1-1: Foul Ball, location: 9LMF
1-2: Ball
2-2: Ball
3-2: Reached on error, E6 (Groundball, 6, EV 63.1 MPH)
Adam O'Kearin to third
Batting: LHB Rob Altobelli 0-0: Called Strike
0-1: Ball
1-1: Ball
2-1: Swinging Strike
2-2: Ball
3-2: Base on Balls
Batting: RHB Ralph Irwin 0-0: Ball
1-0: Called Strike
1-1: Ball
2-1: Ball
3-1: Foul Ball, location: 2F
3-2: Fly out, F9 (Flyball, 9LM, EV 86.9 MPH)
Runner from 3rd tags up, SCORES, throw by RF
Batting: SHB Nathan Martin 0-0: SINGLE (Groundball, 6D, EV 93.8 MPH)
Raúl Contreras to third
Rob Altobelli to second
Runner from 3rd tries for Home, SAFE, throw by CF to home
Batting: LHB Grady Arredondo 0-0: Ball
1-0: Ground out 4-3 (Groundball, 4, EV 79.4 MPH)
Bottom of the 8th over - 2 runs, 1 hit, 1 error, 2 left on base; Kansas City 1 - Seattle 7
TOP OF THE 9TH
Kansas City Royals batting - Pitching for Seattle Mariners : LHP Juan Castellanos
Batting: LHB Sergio Longoria 0-0: Called Strike
0-1: Called Strike
0-2: Strikes out swinging
Batting: RHB Edgardo Pérez 0-0: Foul Ball, location: 5SF
0-1: Ball
1-1: Ball
2-1: Ground out 4-3 (Groundball, 34, EV 101.3 MPH)
Batting: RHB Tamuramaro Maeda 0-0: Foul Ball, location: 2F
0-1: Swinging Strike
0-2: Foul Ball, location: 3SF
0-2: Fly out, F8 (Flyball, 8LM, EV 74.4 MPH)
Top of the 9th over - 0 runs, 0 hits, 0 errors, 0 left on base; Kansas City 1 - Seattle 7
Wednesday, April 10th , 2024 - OOTP Baseball 24.10 Build 82